cohdb
Replays
Latest Replays
All Replays
Popular Replays
Top Player Replays
Match Explorer
How It Works
Community
CoH3 Stats
Reddit
Sign in to upload your games and track your stats! →
Sign in with Steam
1v1 ok
Match 45569273
Overview
Messages
Build Orders
End
Kradschützen Motorcycle Team
Panzerpioneer Squad
Selects Panzerjäger Kommand Battlegroup
Selects Mine Fields
Panzergrenadier Squad
Panzergrenadier Squad
Construct Light Support Kompanie
Selects GrB 39 Grenade Launcher Requisition
MG34 Team
Fire Support Elements
Assault Mechanized Group
Selects Defensive Positions
2.5-tonne Medical Truck
MG34 Team
Construct Mechanized Kompanie
Combat Half-tracks
DatHit666
darkdepth
0
0
Comments
sign in to comment!
No comments posted yet!